 Dungeon Crawl Stone Soup version 0.30.1-4-g462c640d31 (webtiles) character file.

Game seed: 7533548278979630656

156212 growler the Cloud Mage (level 17, -1/104 HPs)
             Began as a Tengu Air Elementalist on Aug 22, 2023.
             Was the Champion of Hepliaklqana.
             Killed from afar by Mara (66 damage)
             ... with a bolt of fire
             ... on level 3 of the Shoals on Aug 23, 2023.
             The game lasted 01:55:20 (44511 turns).

growler the Cloud Mage (Tengu Air Elementalist)    Turns: 44511, Time: 01:55:20

Health: -1/104     AC: 12    Str: 15    XL:     17   Next: 66%
Magic:  5/40       EV: 25    Int: 29    God:    Hepliaklqana [******]
Gold:   1099       SH: 11    Dex: 11    Spells: 16/34 levels left

rFire   . . .        E - +3 dagger (venom)
rCold   + . .        O - +0 kite shield
rNeg    . . .        R - +2 robe {Will+}
rPois   .            A - +0 hat "Wiazeosi" {Will+ MP+9 SInv}
rElec   +            g - +2 cloak
rCorr   .            n - +0 pair of gloves
SInv    +            (boots unavailable)
Will    +++..        a - amulet of Waqenad {RegenMP Str+6}
Stlth   ++           X - +4 ring of protection
HPRegen 0.37/turn    y - ring "Liqisia" {rElec rC+ EV+5 Int+6 Dex-4}
MPRegen 0.67/turn

%: no passive effects
@: flying quickly and evasively, studying 2 skills, quick
A: reduced essence, beak, talons 3, nimble flight
a: Renounce Religion, Recall Ancestor, Ancestor Identity, Transference, Idealise


You were on level 3 of the Shoals.
You worshipped Hepliaklqana.
Hepliaklqana was exalted by your worship.
You visited 6 branches of the dungeon, and saw 29 of its levels.

You collected 2653 gold pieces.
You spent 1554 gold pieces at shops.

Inventory:

Hand Weapons
 E - a +3 dagger of venom (weapon)
Missiles
 z - 4 throwing nets
Armour
 g - a +2 cloak (worn)
 n - a +0 pair of gloves (worn)
 s - the +3 robe "Bupa" {Dex+3 SInv}
   (You bought it in a shop on level 3 of the Snake Pit)

   Dex:       It affects your dexterity (+3).
   SInv:      It lets you see invisible.
 A - the +0 hat "Wiazeosi" (worn) {Will+ MP+9 SInv}
   (You found it on level 6 of the Dungeon)

   MP:        It affects your magic capacity (+9).
   SInv:      It lets you see invisible.
   Will:      It increases your willpower.
 O - a +0 kite shield (worn)
 R - a +2 robe of willpower (worn)
Jewellery
 a - the amulet of Waqenad (around neck) {RegenMP Str+6}
   (You bought it in a shop on level 3 of the Snake Pit)

   [amulet of magic regeneration]

   It increases your rate of magic regeneration.
   Str:       It affects your strength (+6).
 k - an amulet of faith
 u - a +6 ring of intelligence
 y - the ring "Liqisia" (right hand) {rElec rC+ EV+5 Int+6 Dex-4}
   (You found it on level 6 of the Dungeon)

   [ring of evasion]

   EV:        It affects your evasion (+5).
   Int:       It affects your intelligence (+6).
   Dex:       It affects your dexterity (-4).
   rC:        It protects you from cold.
   rElec:     It insulates you from electricity.
 F - an amulet of reflection
 Q - a ring of positive energy
 W - an amulet of regeneration
 X - a +4 ring of protection (left hand)
 Z - a ring of protection from fire
Wands
 B - a wand of roots (10)
 C - a wand of acid (17)
 G - a wand of mindburst (24)
 H - a wand of paralysis (12)
 J - a wand of flame (26)
 S - a wand of polymorph (8)
 T - a wand of digging (2)
Scrolls
 c - 2 scrolls of butterflies
 h - 7 scrolls of fog
 i - 3 scrolls of fear
 l - 8 scrolls of noise
 r - 2 scrolls of enchant weapon
 t - 6 scrolls of magic mapping
 w - 2 scrolls of torment
 D - 5 scrolls of teleportation
 I - 3 scrolls of immolation
 M - 5 scrolls of amnesia
 N - a scroll of silence
 P - a scroll of vulnerability
 V - 9 scrolls of identify
 Y - a scroll of brand weapon
Potions
 b - 4 potions of magic
 d - 5 potions of ambrosia
 e - 3 potions of invisibility
 f - 8 potions of heal wounds
 j - 11 potions of curing
 m - 5 potions of resistance
 p - 5 potions of lignification
 q - 5 potions of haste
 v - 4 potions of attraction
 x - 3 potions of brilliance
 K - 5 potions of mutation
 L - 3 potions of might
 U - a potion of berserk rage
Miscellaneous
 o - a phantom mirror


   Skills:
 + Level 16.3 Fighting
 + Level 8.9 Short Blades
 + Level 15.3 Dodging
 - Level 2.0 Stealth
 - Level 10.0 Shields
 - Level 9.0 Spellcasting
 - Level 5.0 Conjurations
 + Level 21.6 Air Magic


You had 16 spell levels left.
You knew the following spells:

 Your Spells              Type           Power      Damage    Failure   Level
a - Shock                 Conj/Air       100%       1d9       1%          1
b - Static Discharge      Conj/Air       100%       2-7/arc   1%          2
c - Swiftness             Air            95%        N/A       0%          3
d - Airstrike             Air            47%        2d(7-23)  0%          4
e - Maxwell's Capacitive  Air            47%        ∞         9%          8

Your spell library contained the following spells:

 Spells                   Type           Power      Damage    Failure   Level
 Vhi's Electric Charge    Tloc/Air       100%       N/A       1%          3
 Arcjolt                  Conj/Air       37%        1d47      1%          5
 Apportation              Tloc           26%        N/A       9%          1
 Beastly Appendage        Tmut           26%        N/A       9%          1
 Necrotise                Necr           52%        1d6       9%          1
 Sandblast                Erth           26%        2d8       9%          1
 Slow                     Hex            52%        N/A       9%          1
 Sting                    Tmut/Pois      52%        1d5       9%          1
 Summon Small Mammal      Summ           52%        N/A       9%          1
 Stone Arrow              Conj/Erth      54%        3d10      10%         3
 Ensorcelled Hibernation  Hex/Ice        26%        N/A       14%         2
 Passwall                 Tmut/Erth      10%        N/A       14%         2
 Call Canine Familiar     Summ           13%        N/A       26%         3
 Confusing Touch          Hex            13%        N/A       26%         3
 Gell's Gravitas          Tloc           13%        N/A       26%         3
 Portal Projectile        Hex/Tloc       26%        N/A       26%         3
 Spider Form              Tmut/Pois      13%        N/A       26%         3
 Teleport Other           Tloc           13%        N/A       26%         3
 Tukima's Dance           Hex            13%        N/A       26%         3
 Vampiric Draining        Necr           13%        2d6       26%         3
 Anguish                  Hex/Necr       6%         N/A       65%         4
 Animate Dead             Necr           13%        N/A       65%         4
 Leda's Liquefaction      Hex/Erth       6%         N/A       65%         4
 Manifold Assault         Tloc           13%        N/A       65%         4
 Summon Ice Beast         Ice/Summ       13%        N/A       65%         4
 Irradiate                Conj/Tmut      13%        3d16      65%         5
 Agony                    Necr           13%        N/A       94%         5
 Blade Hands              Tmut           6%         N/A       94%         5
 Summon Mana Viper        Hex/Summ       13%        N/A       94%         5
 Yara's Violent Unravell  Hex/Tmut       6%         3d5       94%         5
 Dispersal                Tloc           6%         N/A       100%        6
 Dragon Form              Tmut           6%         N/A       100%        7
 Haunt                    Necr/Summ      6%         N/A       100%        7
 Monstrous Menagerie      Summ           6%         N/A       100%        7
 Disjunction              Tloc           6%         N/A       100%        8
 Infestation              Necr           6%         N/A       100%        8


Dungeon Overview and Level Annotations

Branches:
Dungeon (15/15)            Temple (1/1) D:5            Lair (5/5) D:9
 Shoals (3/4) Lair:2        Snake (3/4) Lair:2        Slime (0/5) Lair:5
    Orc (2/2) D:11            Elf (0/3) Orc:2        Vaults (0/5) D:14
 Depths (0/4) D:15

Altars:
Ashenzari
Cheibriados
Dithmenos
Elyvilon
Fedhas
Gozag
Hepliaklqana
Kikubaaqudgha
Makhleb
Nemelex Xobeh
Okawaru
Qazlal
Ru
Sif Muna
Uskayaw
Vehumet
Wu Jian
Xom
Yredelemnul
Zin
The Shining One
Jiyva

Shops:
D:13 *   Orc:2 [(=*   Shoals:1 (:[?[   Shoals:2 (   Snake:3 [*[

Portals:
Trove: D:12 (give 7 potions of haste)

Annotations:
D:8 3 runed translucent doors, Bobit's ghost, novice GnWn
D:14 3 runed translucent doors, exclusion: obsidian statue, Cofimnas's ghost, journeyman FoFi
Lair:1 1 runed translucent door, Stellion's ghost, journeyman NaIE
Lair:3 1 runed translucent door
Shoals:2 1 runed translucent door
Shoals:3 Mara


Innate Abilities, Weirdness & Mutations

Your life essence is reduced to manifest your ancestor. (-10% HP)
You have a beak for a mouth.
You have claws for feet.
Your magical nature lets you fly swiftly and evasively.


Message History

The satyr shoots an arrow.
The arrow hits Reggie B!!
The air twists around and strikes the satyr!!
The satyr is heavily wounded.
Reggie B gestures at the satyr while chanting.
The satyr resists with some effort.
The satyr plays a frightful melody on his pipes!
The satyr radiates an aura of fear!
You are terrified of the satyr!
A sling bullet appears from out of your range of vision.
The sling bullet hits Reggie B.
The satyr unwields a +0 longbow.
The satyr wields a +0 spear.
The satyr hits Reggie B with a +0 spear!!
Reggie B is destroyed!
A faun comes into view. It is wielding a +0 sling.
The satyr unwields a +0 spear.
The satyr wields a +0 longbow.
The satyr shoots an arrow.
The arrow hits you!
The air twists around and strikes the faun!!!
The faun shouts!
The faun is almost dead.
The faun casts a spell at you. You resist with almost no effort.
The satyr shoots an arrow.
You block the arrow.
You are no longer terrified.
The faun shoots a sling bullet.
The sling bullet misses you.
Mara, Lord of Illusions comes into view.
He is wielding a +2 demon trident of electrocution.
There is a stone staircase leading up, spattered with blood here.
Casting: Airstrike (safe; 0% risk of failure)
Confirm with . or Enter, or press ? or * to list all spells.
Aiming: Airstrike (safe; 0% risk of failure)
Press: ? - help, Dir - move target, f - satyr, p - faun
Aim: a satyr, wielding a +0 longbow (heavily wounded, empty space bonus: 5/8)
Okay, then.
Mara shimmers.
Mara shimmers and seems to become three!
The faun shoots a sling bullet.
The sling bullet hits you.
The satyr shoots an arrow.
You block the arrow. Mara gestures at you. The bolt of fire hits you!!!
Ouch! That really hurt!
You die...

.......~~~~~~~~~
~~.......~~~~~....
~~......~~~~~~....
.........~~~~.....
..................
......~~..........
~~~~...~..........
~~~~~~~)..........
~~.).~~)†@........
~...R~§.....######
~~<.R........#
...#.R....~..# ..
##.......[## .
##......†.#
#.....~..#
#c.c.~~~.#
#....~~~..#


You could see 3 Maras, a satyr and a faun.

Vanquished Creatures
  Saint Roka (Orc:2)
  Rupert (D:15)
  Jorgrun (D:12)
  Frances (D:13)
  Polyphemus (Shoals:2)
  Ilsuiw (Shoals:2)
  A nagaraja (Snake:3)
  A very ugly thing (Snake:2)
  An ettin (D:14)
  4 merfolk impalers
  A merfolk javelineer (Shoals:2)
  2 rakshasas (D:15)
  Josephine (Lair:3)
  Fannar (Lair:1)
  4 hydras
  Erica (D:8)
  4 merfolk avatars
  4 centaur warriors
  8 death yaks
  6 boulder beetles
  6 anacondas
  4 two-headed ogres
  2 tengu warriors (D:14)
  2 naga sharpshooters
  4 naga warriors
  2 orc high priests (Orc:2)
  4 shock serpents
  4 skysharks
  Sonja (Lair:4)
  A salamander mystic (Snake:3)
  A naga ritualist (Snake:2)
  5 sea snakes
  A glowing orange brain (D:15)
  2 wizards (D:14)
  A lindwurm (Lair:5)
  3 harpies (Shoals:1)
  2 orc knights
  A deep elf pyromancer (D:15)
  14 ugly things
  An orc sorcerer (Orc:2)
  6 mana vipers
  10 manticores
  6 cyclopes
  6 fauns
  An elephant (Lair:5)
  5 salamanders
  Maurice (D:8)
  Joseph (D:8)
  2 guardian serpents
  12 black mambas
  3 water nymphs
  3 merfolk sirens
  4 naga magi
  2 unseen horrors
  A kobold demonologist (D:13)
  9 komodo dragons
  3 molten gargoyles (Lair:5)
  A tengu conjurer (D:14)
  6 cane toads
  2 efreet
  3 rime drakes
  A yaktaur (D:11)
  2 guardian mummies (D:12)
  2 freezing wraiths
  5 trolls
  Grinder (D:6)
  5 merfolk
  A meliai (shapeshifter) (D:15)
  Prince Ribbit (D:6)
  4 wind drakes (Shoals:2)
  2 polar bears
  7 blink frogs
  5 snapping turtles
  11 slime creatures
  2 water elementals (Shoals:1)
  2 centaur simulacra (D:12)
  2 shadows
  A vampire (D:13)
  7 wraiths
  3 wyverns
  13 yaks
  6 steam dragons
  4 basilisks
  11 vampire mosquitoes
  17 nagas
  3 wargs
  Duvessa (D:7)
  An acid dragon (D:8)
  6 water moccasins
  5 hell hounds (Lair:5)
  A sky beast (D:7)
  6 ice beasts
  24 orc warriors
  5 black bears
  6 ogres
  12 wolves
  A hexer (D:14)
  10 centaurs
  A phantom (D:7)
  4 kobold brigands
  7 bullfrogs
  A gnoll sergeant (D:9)
  9 scorpions
  Dowan (D:7)
  5 wights
  7 killer bees
  8 electric eels
  6 howler monkeys (D:11)
  5 lava snakes (Lair:5)
  4 hounds
  3 gnoll boudas
  7 orc priests
  Crazy Yiuf (D:6)
  3 sleepcaps
  2 iguanas
  24 orc wizards
  5 hell rats (Lair:1)
  4 adders
  19 gnolls
  A shadow imp (D:7)
  2 white imps
  An ufetubus (D:5)
  6 worms
  2 dart slugs (D:2)
  54 orcs
  9 endoplasms
  7 giant cockroaches
  8 goblins
  5 hobgoblins
  2 jackals (D:3)
  21 kobolds
  10 quokkas
  7 ball pythons
  9 bats
  4 frilled lizards
  9 rats
672 creatures vanquished.

Vanquished Creatures (collateral kills)
  A merfolk impaler (Shoals:3)
  A fire dragon (Lair:5)
  A salamander tyrant (Snake:3)
  A catoblepas (Shoals:2)
  An anaconda (Snake:2)
  An ogre mage (D:15)
  3 two-headed ogres
  A boulder beetle (D:15)
  A naga warrior (Snake:2)
  A death yak (Shoals:2)
  A naga sharpshooter (Snake:2)
  A shock serpent (Snake:2)
  A salamander mystic (Snake:2)
  2 orc knights
  2 sea snakes (Shoals:3)
  2 mana vipers
  3 harpies
  A manticore (D:14)
  An orc sorcerer (Orc:1)
  8 ugly things
  3 elephants
  A salamander (Snake:3)
  A cyclops (D:13)
  5 black mambas
  2 naga magi
  A merfolk siren (Shoals:1)
  A water nymph (shapeshifter) (D:15)
  An unseen horror (shapeshifter) (D:11)
  2 komodo dragons
  A kobold demonologist (D:13)
  2 merfolk
  A troll (D:13)
  A blink frog (Lair:3)
  5 slime creatures
  4 wyverns
  A yak (D:9)
  A wraith (Lair:3)
  2 nagas
  4 orc warriors
  2 ogres
  3 wolves
  A kobold brigand (D:13)
  A bullfrog (Lair:2)
  A wight (D:8)
  A killer bee (D:9)
  4 orc priests
  5 orc wizards
  2 hell rats (Lair:1)
  A gnoll (D:7)
  7 orcs
  2 kobolds (D:13)
  A butterfly (Lair:1)
104 creatures vanquished.

Vanquished Creatures (others)
  An orc warrior (Orc:2)
  An ancestor (D:8)
  22 hexers
24 creatures vanquished.

Grand Total: 800 creatures vanquished

Notes
Turn   | Place    | Note
-------+----------+-------------------------------------------
     0 | D:1      | growler the Tengu Air Elementalist began the quest for the
                  | Orb.
     0 | D:1      | Reached XP level 1. HP: 10/10 MP: 4/4
   421 | D:1      | Reached XP level 2. HP: 15/15 MP: 0/6
   424 | D:1      | Learned a level 2 spell: Static Discharge
  1244 | D:2      | Reached XP level 3. HP: 19/19 MP: 2/7
  1248 | D:2      | Learned a level 3 spell: Swiftness
  1780 | D:2      | Reached XP level 4. HP: 24/24 MP: 5/9
  1965 | D:2      | Reached skill level 5 in Air Magic
  2087 | D:3      | Noticed a scorpion
  2095 | D:2      | Killed a scorpion
  2096 | D:2      | Gained mutation: Your magical nature lets you fly swiftly
                  | and evasively. [Tengu growth]
  2096 | D:2      | Reached XP level 5. HP: 20/28 MP: 0/10
  2507 | D:3      | Learned a level 4 spell: Airstrike
  3337 | D:4      | Reached XP level 6. HP: 32/32 MP: 6/12
  3339 | D:4      | Reached skill level 6 in Air Magic
  4057 | D:4      | Noticed a water moccasin
  4062 | D:4      | Killed a water moccasin
  4063 | D:4      | Reached skill level 5 in Conjurations
  4314 | D:5      | Entered Level 5 of the Dungeon
  4319 | D:5      | Reached XP level 7. HP: 29/36 MP: 7/14
  4376 | D:5      | Reached skill level 7 in Air Magic
  4465 | D:5      | Reached skill level 5 in Spellcasting
  4660 | D:5      | Reached skill level 8 in Air Magic
  4779 | D:5      | Reached XP level 8. HP: 24/41 MP: 6/16
  4875 | D:5      | Reached skill level 9 in Air Magic
  4942 | D:5      | Found a staircase to the Ecumenical Temple.
  4948 | Temple   | Entered the Ecumenical Temple
  5016 | Temple   | Became a worshipper of Hepliaklqana the Forgotten
  5194 | D:5      | Found an ornate altar of the Wu Jian Council.
  5460 | D:5      | Reached skill level 10 in Air Magic
  5506 | D:5      | Found a glowing silver altar of Zin.
  5506 | D:5      | Found an opulent altar of Gozag.
  5825 | D:6      | Noticed Prince Ribbit
  5837 | D:6      | Killed Prince Ribbit
  5838 | D:6      | Reached skill level 1 in Fighting
  6024 | D:6      | Noticed Grinder
  6111 | D:6      | Killed Grinder
  6112 | D:6      | Reached skill level 11 in Air Magic
  6112 | D:6      | Reached XP level 9. HP: 49/49 MP: 5/18
  6201 | D:6      | Identified the ring "Liqisia" {rElec rC+ EV+5 Int+6 Dex-4}
  6769 | D:6      | Identified the +0 hat "Wiazeosi" {Will+ MP+9 SInv}
  7226 | D:6      | Found a broken altar of Ashenzari.
  7442 | D:6      | Found a runed translucent door.
  7443 | D:6      | Noticed Crazy Yiuf
  7447 | D:6      | Killed Crazy Yiuf
  7777 | D:7      | Noticed Duvessa
  7780 | D:7      | Killed Duvessa
  7780 | D:7      | Noticed Dowan
  7781 | D:7      | Reached skill level 12 in Air Magic
  7782 | D:7      | Killed Dowan
  7876 | D:7      | Reached * piety under Hepliaklqana
  8155 | D:7      | Reached skill level 5 in Fighting
  8332 | D:7      | Found a radiant altar of Vehumet.
  8560 | D:7      | Found a hide-covered altar of Uskayaw.
  8568 | D:7      | Reached XP level 10. HP: 53/54 MP: 21/21
  8902 | D:8      | Reached skill level 13 in Air Magic
  9343 | D:8      | Noticed Joseph
  9350 | D:8      | Killed Joseph
  9808 | D:8      | Noticed Maurice
  9812 | D:8      | Killed Maurice
  9827 | D:8      | Noticed a boulder beetle
  9848 | D:8      | Found a runed translucent gate.
  9894 | D:8      | Reached skill level 14 in Air Magic
  9998 | D:8      | Found a runed translucent gate.
  9999 | D:8      | Found a runed translucent gate.
 10001 | D:8      | Noticed Bobit's ghost (novice GnWn)
 10004 | D:8      | Identified the +0 plate armour of Levity {Regen+}
 10184 | D:8      | Killed a boulder beetle
 10395 | D:8      | Noticed a cyclops
 10413 | D:8      | Killed a cyclops
 10776 | D:8      | Got the Compendium of Virous Alteration
 10927 | D:8      | Noticed Erica
 10931 | D:8      | Killed Erica
 10932 | D:8      | Reached skill level 15 in Air Magic
 10932 | D:8      | Reached XP level 11. HP: 63/63 MP: 15/22
 11331 | D:9      | Reached ** piety under Hepliaklqana
 11506 | D:9      | Remembered your ancestor Reggie B as a hexer
 11684 | D:9      | Found a staircase to the Lair.
 13036 | D:10     | Entered Level 10 of the Dungeon
 13057 | D:10     | Noticed a two-headed ogre
 13221 | D:10     | Killed a two-headed ogre
 13407 | D:10     | Found a stormy altar of Qazlal.
 13535 | D:10     | Reached *** piety under Hepliaklqana
 13664 | D:10     | Found an iron altar of Okawaru.
 13831 | D:10     | Found a white marble altar of Elyvilon.
 14434 | D:11     | Noticed a boulder beetle
 14446 | D:11     | Killed a boulder beetle
 14447 | D:11     | Reached skill level 10 in Fighting
 14609 | D:11     | Reached skill level 5 in Dodging
 14770 | D:11     | Reached skill level 16 in Air Magic
 14821 | D:11     | Reached XP level 12. HP: 53/69 MP: 8/25
 15174 | D:11     | Found a staircase to the Orcish Mines.
 15294 | D:11     | Identified the +7 great sword of Doyzuf {speed, rElec
                  | Str+3}
 15425 | Lair:1   | Entered Level 1 of the Lair of Beasts
 15464 | D:9      | Reached skill level 18 in Air Magic
 15464 | D:9      | Reached XP level 13. HP: 73/73 MP: 26/26
 15600 | Lair:1   | Reached skill level 19 in Air Magic
 15884 | Lair:1   | Found a runed translucent door.
 15885 | Lair:1   | Noticed Stellion's ghost (journeyman NaIE)
 15901 | Lair:1   | Noticed Fannar
 15905 | Lair:1   | Killed Fannar
 16059 | Lair:1   | Reached **** piety under Hepliaklqana
 17022 | Lair:2   | Found a staircase to the Snake Pit.
 17339 | Lair:2   | Reached ***** piety under Hepliaklqana
 17682 | Lair:2   | Found a staircase to the Shoals.
 19192 | Lair:3   | Reached skill level 20 in Air Magic
 19298 | Lair:3   | Noticed Josephine
 19307 | Lair:3   | Killed Josephine
 19584 | Lair:3   | Found a runed translucent door.
 20450 | Lair:4   | Reached XP level 14. HP: 81/81 MP: 28/28
 21051 | Lair:4   | Noticed Sonja
 21058 | Lair:4   | Killed Sonja
 21526 | Lair:5   | Entered Level 5 of the Lair of Beasts
 21977 | Lair:5   | Found a viscous altar of Jiyva.
 21977 | Lair:5   | Found a staircase to the Slime Pits.
 22104 | Lair:5   | HP: 3/82 [cane toad (4)]
 22796 | Lair:5   | Found a large runed translucent door.
 22796 | Lair:5   | Found a large runed translucent door.
 22919 | Lair:5   | Reached skill level 10 in Dodging
 23804 | Orc:1    | Entered Level 1 of the Orcish Mines
 23891 | Orc:1    | Reached skill level 21 in Air Magic
 24321 | Orc:1    | Reached ****** piety under Hepliaklqana
 24329 | Orc:1    | Reached skill level 1 in Shields
 25100 | Orc:2    | Entered Level 2 of the Orcish Mines
 26923 | Orc:2    | Noticed Saint Roka
 27163 | Orc:2    | Found a staircase to the Elven Halls.
 27364 | Orc:2    | Killed Saint Roka
 27503 | Orc:2    | Found Gekkuss's Antique Weapon Shop.
 27524 | Orc:2    | Found Nihuc's Antique Armour Shop.
 27540 | Orc:2    | Found Geuqiple's Jewellery Shop.
 27556 | Orc:2    | Found Sauhu Doffa's General Store.
 27813 | D:12     | Noticed Jorgrun
 27823 | D:12     | Killed Jorgrun
 27824 | D:12     | Reached XP level 15. HP: 65/89 MP: 3/29
 29253 | D:12     | Reached skill level 5 in Shields
 29321 | D:12     | Found a portal to a secret trove of treasure.
 29968 | D:13     | Found Ozoure Jiro's Assorted Antiques.
 30136 | D:13     | Noticed Frances
 30145 | D:13     | Killed Frances
 32446 | D:14     | Found a gate to the Vaults.
 32602 | D:14     | Found a runed translucent gate.
 32603 | D:14     | Found a runed translucent gate.
 32603 | D:14     | Found a runed translucent gate.
 32603 | D:14     | Found an opulent altar of Gozag.
 32605 | D:14     | Noticed a frost giant
 32605 | D:14     | Noticed Cofimnas's ghost (journeyman FoFi)
 32866 | D:15     | Entered Level 15 of the Dungeon
 33061 | D:14     | Reached skill level 1 in Short Blades
 34442 | D:15     | Noticed Rupert
 34448 | D:15     | Killed Rupert
 34449 | D:15     | Reached XP level 16. HP: 96/96 MP: 15/30
 35320 | D:15     | Found a staircase to the Depths.
 35656 | Snake:1  | Entered Level 1 of the Snake Pit
 36472 | Snake:1  | Reached skill level 15 in Fighting
 37397 | Snake:1  | Reached skill level 5 in Short Blades
 39887 | Snake:3  | Found Laiczin's Antique Armour Shoppe.
 39889 | Snake:3  | Found Ribrymid's General Store.
 39891 | Snake:3  | Found Fedghoax's Antique Armour Shoppe.
 39897 | Snake:3  | Bought the amulet of Waqenad {RegenMP Str+6} for 694 gold
                  | pieces
 39897 | Snake:3  | Noticed a nagaraja
 39907 | Snake:3  | Killed a nagaraja
 40036 | Snake:3  | Bought a brightly glowing robe for 176 gold pieces
 40036 | Snake:3  | Identified the +3 robe "Bupa" {Dex+3 SInv} (You bought it
                  | in a shop on level 3 of the Snake Pit)
 41157 | Snake:3  | Reached XP level 17. HP: 102/102 MP: 26/31
 41378 | Shoals:1 | Entered Level 1 of the Shoals
 41631 | Shoals:1 | Found Cynumai's Book Boutique.
 41637 | Shoals:1 | Reached skill level 10 in Shields
 41670 | Shoals:1 | Bought Maxwell's Memoranda for 684 gold pieces
 41679 | Shoals:1 | Learned a level 8 spell: Maxwell's Capacitive Coupling
 41726 | Shoals:1 | Found Daluh's Weapon Shop.
 41727 | Shoals:1 | Found a transporter.
 41900 | Shoals:1 | Found Jasch's Armour Shoppe.
 42402 | Shoals:1 | Found Eveyc's Magic Scroll Shoppe.
 42624 | Shoals:1 | Found Nybreots's Armour Boutique.
 42640 | Shoals:1 | Found a transporter.
 43152 | Shoals:2 | Found Ukuggusi's Weapon Shoppe.
 43376 | Shoals:2 | Noticed Ilsuiw
 43389 | Shoals:2 | Killed Ilsuiw
 43390 | Shoals:2 | Reached skill level 15 in Dodging
 43591 | Shoals:2 | Found a runed translucent door.
 43720 | Shoals:2 | Noticed Polyphemus
 43741 | Shoals:2 | Killed Polyphemus
 44507 | Shoals:3 | Noticed Mara
 44511 | Shoals:3 | Killed from afar by Mara

Illustrated notes

Levels and vault maps discovered:
D:1:      onia_arrival_mini_maze, layout_basic
D:2:      layout_basic, minmay_bisected
D:3:      layout_basic, minmay_pentomino_pile
D:4:      layout_cave_pools, dreamdust_gnoll_farm
D:5:      minmay_angry_zag, layout_rooms, grunt_temple_overflow_gold_and_silver,
          lemuel_tele_altar, minmay_temple_entry_waves, gup_sewer_entry_pipe,
          minmay_misc_feat_enclosed
D:6:      layout_loops_ring, evilmike_ruin_ashenzari, uniq_crazy_yiuf_cottage,
          uniq_grinder, uniq_prince_ribbit1
D:7:      layout_gridville, mainiacjoe_overflow_tiny_flanked,
          kennysheep_mini_moat, uniq_duvessa
D:8:      layout_layer_cave, biasface_ghost_orc_armoury, minmay_manual_mess,
          uniq_erica, uniq_maurice, uniq_joseph
D:9:      layout_layer_cave, david_lair_generic
D:10:     layout_basic, grunt_qazlal_sundering, nicolae_overflow_hidden_temple,
          minmay_diced_spiral
D:11:     minmay_blocky_corners, layout_basic, david_orc_4
D:12:     layout_rooms, serial_ice, serial_ice_m, serial_ice_l, serial_ice_d,
          serial_ice_o, nicolae_trove_entry_path_of_doom, minivault_4,
          nicolae_titane, uniq_jorgrun
D:13:     layout_rooms, serial_shops, shop, uniq_frances
D:14:     layout_roguey, david_vaults_4, minmay_misc_feat_more_columns,
          ebering_ghost_gozag, kennysheep_generic_room_9
D:15:     gammafunk_enter_depths_forms, layout_stronghold,
          hangedman_abyss_or_decor_lesser_grid, uniq_rupert
Temple:   nicolae_temple_x_marks_the_god
Lair:1:   layout_chaotic_city, ebering_ghost_inner_flame, lemuel_fruit_fields,
          uniq_fannar
Lair:2:   layout_gridlike, nicolae_shoals_entry_roost,
          minmay_snake_entry_guardpost_small, columned_hall_lemuel
Lair:3:   gammafunk_indiana_jones, layout_gridlike, serial_bayou,
          serial_bayou_pond_e, serial_bayou_pond_d, serial_bayou_shore_b,
          serial_bayou_lake_a, infiniplex_staircase_pool, uniq_josephine,
          uniq_nergalle
Lair:4:   layout_regular_city, uniq_sonja
Lair:5:   cheibrodos_lair_end_hotspot, layout_loops_ring, slime_entry_1,
          infiniplex_staircase_pool_2
Shoals:1: layout_shoals, serial_shops, shop, nicolae_shop_drivethru, shop,
          nicolae_shop_hallway_plus, shop
Shoals:2: layout_shoals, serial_shops, nicolae_shop_bloodbath_and_beyond,
          lightli_airlock, uniq_polyphemus, uniq_ilsuiw
Shoals:3: layout_shoals, nicolae_shoals_circle_sea_wall, nicolae_shop_clearance,
          uniq_aizul, uniq_roxanne, uniq_mara
Snake:1:  layout_concentric_octagons, portal_ice_cave_entry_ugly_swarm,
          drop_trap
Snake:2:  nicolae_snake_nest, layout_rooms, nicolae_snake_gridmaze_swirls
Snake:3:  layout_misc_corridors, minmay_shop_star
Orc:1:    layout_diamond_mine, guppyfry_library_mini
Orc:2:    grunt_orc_cross, layout_diamond_mine, uniq_saint_roka

Skill      XL: |  1  2  3  4  5  6  7  8  9 10 11 12 13 14 15 16 17 |
---------------+----------------------------------------------------+-----
Conjurations   | 2 3 4 5 |  5.0
Air Magic      | 5 6 8 11 12 15 16 18 20 21 | 21.6
Spellcasting   | 3 4 5 7 8 9 |  9.0
Fighting       | 2 5 9 10 11 13 14 15 16 | 16.3
Dodging        | 5 8 11 13 14 15 | 15.3
Shields        | 4 7 9 10 | 10.0
Short Blades   | 3 7 8 |  8.9
Stealth        | |  2.0

Action                     |  1- 3 |  4- 6 |  7- 9 | 10-12 | 13-15 | 16-18 || total
---------------------------+-------+-------+-------+-------+-------+-------++-------
  Melee: Unarmed           |     4 |       |     9 |       |       |       ||    13
         Peck              |     1 |       |     3 |     7 |    28 |    36 ||    75
         Kick              |     1 |       |     2 |    14 |    43 |    48 ||   108
         Dagger            |       |       |       |    20 |    86 |   120 ||   226
   Cast: Shock             |    74 |   108 |    80 |     3 |     2 |     2 ||   269
         Static Discharge  |       |    25 |    49 |    43 |   134 |    44 ||   295
         Airstrike         |       |       |    51 |   154 |   622 |   484 ||  1311
         Swiftness         |       |       |       |       |       |     1 ||     1
         Maxwell's Capacit |       |       |       |       |       |     1 ||     1
 Invoke: Ancestor Identity |       |       |     1 |       |       |       ||     1
         Recall Ancestor   |       |       |       |     5 |    13 |     7 ||    25
         Ancestor Life: He |       |       |       |     1 |       |       ||     1
         Transference      |       |       |       |       |     1 |       ||     1
    Use: Scroll            |       |     9 |     2 |     8 |    12 |     4 ||    35
         Potion            |       |       |     3 |     1 |     3 |     1 ||     8
   Stab: Sleeping          |       |       |       |     1 |       |     2 ||     3
         Confused          |       |       |       |       |     1 |       ||     1
         Paralysed         |       |       |       |       |    11 |    21 ||    32
         Distracted        |       |       |       |       |       |     1 ||     1
 Armour: Robe              |     4 |     7 |    14 |     4 |    20 |    42 ||    91
  Dodge: Dodged            |     5 |    24 |    42 |    60 |   238 |   183 ||   552
  Block: Other             |       |       |       |       |    29 |       ||    29
         Reflection        |       |       |       |       |     8 |    11 ||    19
         Kite shield       |       |       |       |       |    43 |   166 ||   209
